[Event "New York Spring GM-A 2022"]
[Site "New York"]
[Date "2022.04.15"]
[Round "1.1"]
[White "Barbosa, Oliver"]
[Black "Belous, Vladimir"]
[Result "1/2-1/2"]
[WhiteElo "2505"]
[BlackElo "2516"]
[Annotator "TA"]
[PlyCount "36"]
[EventDate "2022.04.14"]
[EventType "tourn"]
[EventCountry "USA"]
[SourceTitle "playchess.com"]
[Source "ChessBase"]
[SourceQuality "1"]
[TimeControl "5400+30"]

1. d4 Nf6 2. c4 c6 3. Nf3 d5 4. Nc3 e6 5. cxd5 exd5 6. Bg5 Be7 7. e3 O-O 8. Bd3 Nbd7 9. Qc2 Re8 {[%emt 0:00:13] [#]} {Predecessor:} 10. Bf4 $146 {D36: Queen's Gambit Declined: Exchange Variation: Main line (5 Bg5 c6 6 Qc2).} Nf8 11. O-O-O b5 12. Ne5 Bd7 13. g4 g6 14. h4 Nxg4 15. Nxd7 Qxd7 16. h5 Bd6 17. hxg6 fxg6 18. Bxd6 Qxd6 {0-1 (64) Mamedyarov,S (2767)-Jumabayev,R (2631) Chess.com INT 2022} 1/2-1/2

[Event "New York Spring GM-A 2022"]
[Site "New York"]
[Date "2022.04.15"]
[Round "1.2"]
[White "Korley, Kassa"]
[Black "Kaliksteyn, Alexander"]
[Result "1-0"]
[ECO "E04"]
[WhiteElo "2399"]
[BlackElo "2379"]
[Annotator "TA"]
[PlyCount "107"]
[EventDate "2022.04.14"]
[EventType "tourn"]
[EventCountry "USA"]
[SourceTitle "playchess.com"]
[Source "ChessBase"]
[SourceQuality "1"]
[TimeControl "5400+30"]

1. d4 d5 2. c4 e6 3. Nf3 Nf6 4. g3 dxc4 5. Bg2 a6 6. O-O Nc6 7. Be3 {[%emt 0:00:26] E04: Open Catalan: 5 Nf3.} Nd5 8. Qc1 Nxe3 9. Qxe3 {[%emt 0:00:24] [#] The position is equal.} Nb4 $146 ({Predecessor:} 9... Be7 10. Rc1 O-O 11. Rxc4 Bd7 12. a3 a5 13. Nbd2 a4 14. Ne5 Na5 15. Rc2 Bb5 {0-1 (63) Goryachkina,A (2596)-Kosteniuk,A (2472) Krasnaya Polyana 2021}) 10. Qc1 {[%emt 0:00:50] Prevents Nc2.} Be7 11. a3 Nd5 12. Qxc4 O-O 13. Nbd2 Bd7 14. Qc2 Rc8 15. Ne4 {[%emt 0:00:20] Against c5} b6 16. Ne5 c5 17. dxc5 Bxc5 18. Qd2 Ba4 19. Nxc5 Rxc5 20. Rac1 Nc3 21. Nd3 Nb5 22. Qe3 ({Of course not} 22. Rxc5 bxc5 23. Qe3 (23. Rc1 Nd4 $11) 23... Nd4 $11) 22... Rxc1 23. Rxc1 Qd4 24. Bb7 a5 (24... Qxe3 $142 25. fxe3 Nd6 26. Bxa6 Ra8) 25. Bc6 $16 Qxe3 26. fxe3 {[%emt 0:00:04][%cal Ob2b3] Threatens to win with b3!} Rc8 27. Kf2 Kf8 28. Bxb5 Rxc1 29. Bxa4 Rc7 30. Bb5 Ke7 31. a4 Kd6 32. Ke1 f6 (32... f5 $16 33. Kd2 h5) 33. Kd2 $18 g5 34. Nf2 ({Better is} 34. e4 $18) 34... h5 (34... f5 $16 {was necessary.} 35. b3 Rf7) 35. b3 Ke5 36. Bd3 f5 37. Bc4 Rh7 (37... Rd7+ $16 38. Ke1 Kd6) 38. Nd3+ Kd6 39. e4 h4 $2 {[%emt 0:00:34] [#]} (39... fxe4 40. Nf2 Ke5 41. Nxe4 Rg7) 40. e5+ Kd7 41. Nf2 hxg3 42. hxg3 Rh2 43. Ke3 Ke7 44. g4 Rg2 $2 (44... fxg4 {keeps fighting.} 45. Nxg4 Rh7) 45. Kf3 Rg1 46. e3 Re1 47. Bd3 fxg4+ 48. Nxg4 Rc1 49. Nf2 (49. Bc4 $142) 49... Rc3 $2 (49... Rc5 50. Ng4 Ke8) 50. Bc4 {[%emt 0:00:08] Ne4 is the strong threat.} b5 {[%emt 0:00:20] [#]} (50... Rc1 $142 51. Nh3 b5 52. Bxb5 Rc5) 51. Ne4 $1 bxc4 (51... Rc1 52. axb5) 52. Nxc3 {[%emt 0:00:06] White mates.} cxb3 53. Kg4 Kd7 54. Kxg5 {[%emt 0:00:12] Weighted Error Value: White=0.14 (very precise) /Black=0.45} 1-0

[Event "New York Spring GM-A 2022"]
[Site "New York"]
[Date "2022.04.15"]
[Round "1.3"]
[White "Song, Edward"]
[Black "Guo, Arthur"]
[Result "1-0"]
[ECO "C28"]
[WhiteElo "2383"]
[BlackElo "2412"]
[Annotator "TA"]
[PlyCount "111"]
[EventDate "2022.04.14"]
[EventType "tourn"]
[EventCountry "USA"]
[SourceTitle "playchess.com"]
[Source "ChessBase"]
[SourceQuality "1"]
[TimeControl "5400+30"]

1. e4 e5 2. Nc3 Nc6 3. Bc4 Nf6 4. d3 Na5 5. Bb3 Be7 6. f4 Nxb3 7. axb3 d6 8. Nf3 exf4 9. Bxf4 O-O 10. O-O c6 11. h3 {[%emt 0:10:26] [#] C28: Vienna Game: 2...Nf6 3 Bc4 Nc6.} d5 $146 ({Predecessor:} 11... Be6 12. Qd2 d5 13. e5 Nd7 14. d4 f6 15. Rae1 fxe5 16. Nxe5 Nxe5 17. Bxe5 Bf5 18. Rf3 Bg5 {½-½ (40) Malyovanyi,Y (2360)-Thorsteinsdottir,G (1958) Prague 2020}) 12. e5 Ne8 13. Qd2 {[%emt 0:10:07] The position is equal.} Nc7 14. Ne2 Ne6 15. Be3 c5 16. d4 b6 17. Ng3 f5 {[%emt 0:05:03] aiming for ...f4.} 18. exf6 Rxf6 19. Nh5 Rf8 20. Nf4 (20. Ne5 cxd4 21. Rxf8+ (21. Bxd4 $2 Nxd4 22. Rxf8+ Bxf8 $19) 21... Qxf8 $17) (20. Rae1 {with more complications.} a5 21. dxc5 bxc5 22. Ne5) 20... Nxf4 21. Bxf4 Bf5 22. Ne5 Bf6 23. c3 Be4 24. Ng4 Bh4 25. Be5 Qe7 26. Qe2 h5 27. Nf2 Bg6 {[%emt 0:00:30] A strong pair of Bishops.} 28. Nd3 Bg3 29. Qd2 Bxd3 30. Rxf8+ Rxf8 31. Bxg3 Be4 32. Be5 Qf7 33. Qe2 a5 34. dxc5 bxc5 35. Bd6 Rc8 36. Rxa5 Rc6 37. Bxc5 {[%emt 0:00:00] Strongly threatening Ra8+.} Bxg2 $2 {[%emt 0:02:49][%mdl 8192] White leaves nothing to chance now.} 38. Ra8+ (38. Qxg2 Rg6 39. Bd4 (39. Ra8+ Kh7 $17) 39... Rxg2+ 40. Kxg2 Qg6+ 41. Kf3 Qd3+ 42. Kf2 Qd2+ 43. Kf3 Qd1+ 44. Kf2 Qxb3 45. Ra8+ Kh7 $17) (38. Kxg2 $142 Rg6+ 39. Kh1) 38... Kh7 $18 {[%emt 0:00:10] [#]} 39. Rf8 $1 $36 {[%emt 0:00:36][%mdl 2048] White is really pushing. Chess con chili.} Qg6 {[%emt 0:01:40] ...Bf3+ is the strong threat.} (39... Bf3 40. Rxf7) 40. Qxg2 Qxg2+ $2 (40... Qb1+ {might work better.} 41. Kh2 (41. Rf1 Qd3 $18) 41... Rxc5) 41. Kxg2 {[%emt 0:00:01] White is clearly winning.} Rxc5 {[%emt 0:00:01][%mdl 4096] Endgame KR-KR} 42. b4 Rb5 43. Rf5 Kg6 44. Re5 Kf6 45. Rxh5 g6 46. Rh4 Rb8 47. Kf3 Ke5 48. Ke3 Ra8 49. b5 g5 50. Rg4 Kf5 51. Kf3 Rh8 52. Kg2 Rb8 53. Rb4 Rb6 54. Kf3 Rh6 55. Kg3 {[%emt 0:00:41] Threatens to win with b6.} Rb6 56. b3 {[%emt 0:00:34] Weighted Error Value: White=0.12 (very precise) /Black=0.38} 1-0

[Event "New York Spring GM-A 2022"]
[Site "New York"]
[Date "2022.04.15"]
[Round "1.4"]
[White "Ostrovskiy, Aleksandr"]
[Black "Liang, Jason"]
[Result "0-1"]
[ECO "B52"]
[WhiteElo "2409"]
[BlackElo "2419"]
[Annotator "TA"]
[PlyCount "108"]
[EventDate "2022.04.14"]
[EventType "tourn"]
[EventCountry "USA"]
[SourceTitle "playchess.com"]
[Source "ChessBase"]
[SourceQuality "1"]
[TimeControl "5400+30"]

1. e4 c5 2. Nf3 d6 3. Bb5+ Bd7 4. c4 Nf6 5. Nc3 g6 6. O-O {[%emt 0:04:38] B52: Sicilian: Moscow Variation with 3...Bd7.} Bg7 7. d4 cxd4 8. Nxd4 {[%emt 0:00:14] The position is equal.} O-O 9. h3 a6 10. Bxd7 Nbxd7 11. a4 (11. b3 $11) 11... Rc8 12. b3 $1 Nc5 13. Re1 e6 14. Ba3 {[%emt 0:17:16] [#]} Qb6 $146 ({Predecessor:} 14... d5 15. e5 Nfe4 16. Nxe4 dxe4 17. Ra2 Bxe5 18. Bxc5 Rxc5 19. Rd2 Bf4 20. Nxe6 Qxd2 21. Nxc5 {1-0 (28) Tikranian,A (2120)-Vandamme,F (1875) Brasschaat 2016}) 15. a5 Qc7 (15... Qxa5 $2 16. b4 Qc7 17. bxc5 dxc5 18. Nf3 $16) 16. b4 Ncd7 17. Rc1 Rfd8 (17... Qxc4 18. Ncb5 $1 axb5 19. Rxc4 bxc4 20. Nb5 $16) 18. Na4 Qb8 19. Nf3 b5 $36 {[%emt 0:04:10][%mdl 2048] Black is more active.} 20. axb6 Nxb6 21. Nxb6 Qxb6 22. Qa4 Qb7 23. e5 (23. c5 $11 {keeps the balance.}) 23... dxe5 $17 24. Nxe5 (24. Rcd1 $15 {is more appropriate.}) 24... Ne4 ({Black should play} 24... Nh5 $1 $17 {[%cal Rh5f4] White must now prevent ...Nf4.} 25. c5 Nf4) 25. Nf3 $15 Nc3 26. Qb3 Rd3 {[%emt 0:00:22][%cal Oc3e2] Threatens to win with ...Ne2+!} 27. Qc2 {[%emt 0:00:01] Prevents Ne2+.} Rcd8 28. Re3 Rxe3 {[%emt 0:07:20] &Nero is much more active.} 29. fxe3 Qb6 30. Re1 Qc6 (30... Qc7 $5 31. c5 Rb8 $17) 31. c5 Qb5 32. Kh1 Qd3 33. Qxd3 Rxd3 34. Bb2 Nd5 35. Bxg7 Kxg7 $17 {[%emt 0:00:05][%mdl 4096] Endgame KRN-KRN} 36. Rc1 (36. Ne5 $142 Rc3 37. Nc6) 36... Rxe3 37. c6 Nc7 38. Rd1 Kf6 $1 39. Rd7 Nd5 40. Nd2 {[%emt 0:00:54] [#] aiming for c7.} Re1+ $1 ({Resist} 40... Nxb4 41. c7 Re1+ 42. Kh2 $18) 41. Kh2 {[%emt 0:00:01] c7 is the strong threat.} Rc1 (41... Nxb4 42. c7 Rc1 43. Ne4+ Ke5 44. Nd6 $18) 42. Ne4+ Ke5 43. Nd6 f5 ({Don't take} 43... Nxb4 44. c7 $18) 44. Nf7+ Kf6 45. Nd8 f4 46. Rd6 Nxb4 47. Rxe6+ Kf5 48. Re7 Nd5 ({Stronger than} 48... Nxc6 49. Rc7 $15) 49. Rf7+ Ke4 {[%emt 0:00:12] Strongly threatening ...Ne3.} 50. Rxh7 $2 (50. Ne6 $19) 50... Ne3 {[%emt 0:00:09] Black mates.} 51. Re7+ {[%emt 0:00:38] [#]} Kd3 $1 52. h4 Ng4+ 53. Kh3 Nf2+ 54. Kh2 Rh1# {[%emt 0:00:06] Weighted Error Value: White=0.26 (precise) /Black=0.05 (flawless)} 0-1

[Event "New York Spring GM-A 2022"]
[Site "New York"]
[Date "2022.04.15"]
[Round "1.5"]
[White "Wang, Kevin"]
[Black "Nagy, Gabor"]
[Result "1/2-1/2"]
[ECO "E04"]
[WhiteElo "2389"]
[BlackElo "2530"]
[Annotator "TA"]
[PlyCount "37"]
[EventDate "2022.04.14"]
[EventType "tourn"]
[EventCountry "USA"]
[SourceTitle "playchess.com"]
[Source "ChessBase"]
[SourceQuality "1"]
[TimeControl "5400+30"]

1. d4 d5 2. c4 e6 3. Nf3 dxc4 4. Nc3 c6 5. g3 Nf6 6. Bg2 b5 7. Ne5 $1 {[%emt 0:01:08][%cal Oc3b5] 7.Ne5 is better than 7.0-0.} a6 {[%emt 0:00:14] E04: Open Catalan: 5 Nf3.} 8. O-O Bb7 9. b3 cxb3 10. axb3 Be7 11. Bb2 O-O 12. Ne4 Nd5 13. Nc5 Bxc5 14. dxc5 f6 15. Nd3 {[%emt 0:03:10][%mdl 1024] [#] White has compensation.} a5 $146 ({Predecessor:} 15... Nd7 16. e4 Nc7 17. Bc3 Qe7 18. Ba5 Rac8 19. f4 e5 20. f5 Rfd8 21. Qc2 g6 22. fxg6 hxg6 {1-0 (31) Salem,A (2679)-Niemann,H (2609) Sharjah 2021}) 16. e4 Nc7 {[%emt 0:00:21] The position is equal.} 17. Qc2 b4 18. Rfd1 Qe7 19. e5 {[%emt 0:16:34] A balanced but interesting game.  Weighted Error Value: White=0.01 (flawless) /Black=0.00 (flawless)} 1/2-1/2

[Event "New York Spring GM-A 2022"]
[Site "New York"]
[Date "2022.04.15"]
[Round "2.1"]
[White "Belous, Vladimir"]
[Black "Nagy, Gabor"]
[Result "1-0"]
[ECO "D31"]
[WhiteElo "2516"]
[BlackElo "2530"]
[Annotator "TA"]
[PlyCount "69"]
[EventDate "2022.04.14"]
[EventType "tourn"]
[EventCountry "USA"]
[SourceTitle "playchess.com"]
[Source "ChessBase"]
[SourceQuality "1"]
[TimeControl "5400+30"]

1. d4 d5 2. c4 e6 3. Nc3 Bb4 4. Nf3 dxc4 5. e4 b5 6. a4 c6 7. Bd2 Nf6 8. Qc2 {[%emt 0:05:43] D31: Queen's Gambit Declined: Semi-Slav without ...Nf6 (+ Marshall Gambit and Noteboom) and Exchange Variation lines without ...Nf6.} Bb7 {[%emt 0:03:28] [#]} 9. h4 $146 ({Predecessor:} 9. e5 Bxc3 10. bxc3 Nd5 11. Ng5 h6 12. Ne4 O-O 13. Nd6 Qd7 14. Be2 a5 15. Rg1 {0-1 (26) Stefansson,V (2312)-Svane,R (2583) Chess.com INT 2017}) 9... c5 (9... a6 $15 10. e5 Nd5) 10. e5 $1 $14 {[%emt 0:04:22] White is slightly better.} Bxc3 11. Bxc3 Be4 12. Qc1 Nd5 {[%emt 0:02:04] [#] aiming for ...Bxf3.} 13. axb5 Bxf3 14. gxf3 Nxc3 15. Qxc3 ({Don't play} 15. bxc3 $6 cxd4 16. Bxc4 dxc3 $11) 15... cxd4 16. Qxc4 O-O 17. f4 {[%emt 0:01:19] Strongly threatening Bg2.} Nd7 $1 18. Qxd4 Nb6 19. Qxd8 Raxd8 20. Rxa7 Rd4 $1 21. Rh3 {[%emt 0:00:06] Hoping for Rc3.} Nd5 {[%emt 0:02:23] Inhibits Rc3.} (21... Re4+ $1 $14 22. Re3 Rxf4) 22. Rb3 $16 {[%emt 0:02:54] And now b6 would win.} Rc8 $2 {[%emt 0:08:23][%mdl 8192] This costs Black the game.} (22... Nxf4 $16 {is more resistant.} 23. f3 Rb8) 23. b6 $18 Rc1+ 24. Ke2 {[%emt 0:00:07] White threatens Ra8+ and mate.} h5 25. Bh3 Rc2+ 26. Kf3 Rxf4+ 27. Kg3 g5 28. b7 gxh4+ 29. Kh2 Rfxf2+ 30. Kg1 {[%emt 0:00:07] White mates.} Kg7 31. b8=Q Nf4 {[%emt 0:00:22] [#]} 32. Rxf7+ $3 Kxf7 33. Rb7+ Kg6 34. Qg8+ Kh6 35. Qg7# {[%emt 0:01:30] Weighted Error Value: White=0.05 (flawless) /Black=0.76} 1-0

[Event "New York Spring GM-A 2022"]
[Site "New York"]
[Date "2022.04.15"]
[Round "2.2"]
[White "Liang, Jason"]
[Black "Wang, Kevin"]
[Result "1-0"]
[ECO "C43"]
[WhiteElo "2419"]
[BlackElo "2389"]
[Annotator "TA"]
[PlyCount "131"]
[EventDate "2022.04.14"]
[EventType "tourn"]
[EventCountry "USA"]
[SourceTitle "playchess.com"]
[Source "ChessBase"]
[SourceQuality "1"]
[TimeControl "5400+30"]

1. e4 e5 2. Nf3 Nf6 3. d4 Nxe4 4. Bd3 d5 5. Nxe5 Nd7 6. Nxd7 Bxd7 7. O-O Bd6 8. Nc3 Nxc3 9. bxc3 O-O 10. Qh5 {[%emt 0:00:17][%csl Gd3,LRd5,LRh7][%cal Rh5h7] Inhibits Qh4. C43: Petroff Defence: 3 d4.} f5 11. Re1 Qf6 12. Qf3 {[%emt 0:03:43] The position is equal.} c6 13. Bf4 Rae8 14. c4 dxc4 15. Bxc4+ Kh8 16. c3 {[%emt 0:14:19] [#]} Re7 $146 ({Predecessor:} 16... b5 17. Bf1 a5 18. Qg3 Bxf4 19. Qxf4 Re4 20. Qd2 b4 21. Rad1 Qd6 22. Rxe4 fxe4 23. cxb4 axb4 {½-½ (41) Nesterov,A (2482)-Zhafyarov,A (2252) Loo 2021}) 17. Rxe7 Qxe7 18. Bxd6 Qxd6 19. Re1 f4 (19... b5 $11 20. Bf1 Be6) 20. Bd3 Qd5 (20... Be6 $11) 21. Re7 {[%emt 0:09:32] aiming for Qxd5.} Qxf3 22. gxf3 $14 {[%emt 0:00:06][%mdl 4096] Endgame KRB-KRB} Bc8 (22... Rd8 $14) 23. h4 {[%emt 0:05:07] &Bianco is more active.} g6 24. Be4 Kg8 25. Rc7 Re8 26. Kg2 a5 27. a3 Rd8 28. Bc2 Kh8 29. h5 gxh5 30. Rxh7+ Kg8 31. Rxh5 Kf7 32. Rxa5 Be6 33. Rg5 Rh8 34. a4 Kf6 35. Rg6+ Kf7 36. Rg5 Kf6 $1 37. Re5 Bh3+ 38. Kg1 Rg8+ 39. Kh2 Rh8 {[%emt 0:01:10] [#] ...Bf5+ is the strong threat.} 40. Be4 Be6+ 41. Kg1 Rg8+ 42. Kf1 Bc4+ 43. Ke1 Rg1+ 44. Kd2 Ra1 45. Rf5+ Ke6 46. Rxf4 {[%emt 0:00:34] And now Rh4 would win.} Ra2+ 47. Kc1 Rxa4 (47... Ra1+ $16 {was called for.} 48. Kc2 Rxa4) 48. Bb1 ({Better is} 48. Rh4 $18) 48... b5 49. Rh4 {[%emt 0:04:42] Hoping for Rh6+.} b4 50. Kb2 (50. Rh6+ $16 Kd7 51. Bf5+ Kc7 52. Be4) 50... bxc3+ (50... Bd5 $11 {remains equal.}) 51. Kxc3 $16 Bd5 52. Be4 Ra2 53. Rh6+ Ke7 54. Rh2 Ke6 55. Kd3 Ra3+ 56. Kd2 Ke7 57. Rh7+ Ke6 58. Rh6+ Ke7 59. Bxd5 (59. Rg6 $16) 59... cxd5 {[%emt 0:00:01] KR-KR} 60. Ke2 Rb3 61. Rc6 Ra3 62. Rb6 Rc3 63. f4 (63. Rb8 $14) 63... Ra3 $2 {[%emt 0:00:29][%mdl 8192] [#]} (63... Rc2+ $11 64. Kf3 Rc4) 64. f5 $1 $18 {[%emt 0:00:08] White is clearly winning.} Rh3 65. Re6+ Kd7 66. f3 {[%emt 0:00:33] Weighted Error Value: White=0.14 (very precise) /Black=0.14 (very precise)} 1-0

[Event "New York Spring GM-A 2022"]
[Site "New York"]
[Date "2022.04.15"]
[Round "2.3"]
[White "Guo, Arthur"]
[Black "Ostrovskiy, Aleksandr"]
[Result "1-0"]
[ECO "C02"]
[WhiteElo "2412"]
[BlackElo "2409"]
[Annotator "TA"]
[PlyCount "69"]
[EventDate "2022.04.14"]
[EventType "tourn"]
[EventCountry "USA"]
[SourceTitle "playchess.com"]
[Source "ChessBase"]
[SourceQuality "1"]
[TimeControl "5400+30"]

1. e4 e6 2. d4 d5 3. e5 c5 4. c3 Nc6 5. Nf3 Qb6 6. Bd3 cxd4 7. O-O $1 {[%emt 0:00:15][%mdl 4] is now more promising than 7.cxd4. C02: French: Advance Variation.} Bd7 8. Re1 Nge7 9. h4 {[%emt 0:00:13] The position is equal.} h6 10. h5 Rc8 11. Nbd2 dxc3 12. bxc3 Na5 13. Rb1 Qc7 14. Ba3 Qxc3 15. Nb3 {[%emt 0:00:35] Black must now prevent Rc1.} Nec6 16. Rc1 {[%emt 0:21:04] [#]} Qxe1+ 17. Qxe1 Bxa3 {[%emt 0:00:05] [#]} 18. Rc2 $146 ({Predecessor:} 18. Rb1 b6 19. Nxa5 Nxa5 20. Qe3 Nc4 21. Bxc4 Bc5 22. Qc3 dxc4 23. Nd2 O-O 24. Nxc4 {½-½ (31) Shevchenko,K (2652)-Gadimbayli,A (2451) Terme Catez 2022}) 18... Nxb3 19. axb3 O-O 20. Qe3 Be7 21. Nd4 Nb4 22. Rxc8 Rxc8 ({But not} 22... Bxc8 $6 23. Nb5 $15) 23. Bb1 {[%emt 0:02:45] [#]} a5 $1 {[%emt 0:07:40] Hoping for ...Bc5.} 24. Nf3 a4 ({Black should try} 24... Bc5 $17 25. Qf4 a4 26. bxa4 Bxa4) 25. bxa4 $15 Bxa4 26. Kh2 $1 b5 $2 {[%emt 0:06:17][%mdl 8192] [#] This move loses the game for Black.} (26... Bc5 $15 {stays ahead.} 27. Qc3 Bd1) 27. Qa7 $1 $18 Bf8 (27... Bc5 {was necessary.} 28. Qb7 Re8) 28. Qd7 {[%emt 0:02:02] White is clearly winning.} Ra8 29. Nd4 {[%emt 0:00:53] Prevents Bc2.} Bd1 30. f3 Bc5 {[%emt 0:00:33] [#]} 31. Nxe6 fxe6 32. Qxe6+ Kh8 33. Qg6 Bc2 34. Bxc2 {[%emt 0:00:06][%mdl 64] Overworked Piece} Nxc2 35. Qc6 {[%emt 0:01:02] Weighted Error Value: White=0.06 (flawless) /Black=0.45} 1-0

[Event "New York Spring GM-A 2022"]
[Site "New York"]
[Date "2022.04.15"]
[Round "2.4"]
[White "Kaliksteyn, Alexander"]
[Black "Song, Edward"]
[Result "1/2-1/2"]
[ECO "D02"]
[WhiteElo "2379"]
[BlackElo "2383"]
[Annotator "TA"]
[PlyCount "41"]
[EventDate "2022.04.14"]
[EventType "tourn"]
[EventCountry "USA"]
[SourceTitle "playchess.com"]
[Source "ChessBase"]
[SourceQuality "1"]
[TimeControl "5400+30"]

1. d4 d5 2. Nf3 Nf6 3. c3 c5 4. dxc5 e6 5. b4 a5 $1 6. e3 {[%emt 0:00:23] D02: 1 d4 d5 2 Nf3 sidelines, including 2...Nf6 3 g3 and 2...Nf6 3 Bf4.} axb4 7. cxb4 b6 $1 8. Bb5+ Bd7 9. Bxd7+ Nbxd7 10. a4 bxc5 11. b5 g5 12. Bb2 Bd6 {[%emt 0:00:13] [#] Prevents Ne5.} 13. Qc2 $146 ({Predecessor:} 13. Nfd2 Ne5 14. O-O g4 15. Qe2 Rg8 16. Rd1 Qe7 17. b6 c4 18. a5 Nd3 19. Ba3 Bxa3 20. Nxa3 {1-0 (35) Bluebaum,M (2642)-Grischuk,A (2758) Chess.com INT 2022}) 13... g4 14. Nfd2 Qc7 ({Better is} 14... h5 $17) 15. Nc3 $11 {[%emt 0:19:24] The position is equal.} h5 16. Ne2 Be5 17. Bxe5 Qxe5 18. O-O Ke7 19. a5 Rhb8 20. Qb3 Ne8 21. f4 {[%emt 0:07:56] Weighted Error Value: White=0.03 (flawless) /Black=0.08 (flawless)} 1/2-1/2

[Event "New York Spring GM-A 2022"]
[Site "New York"]
[Date "2022.04.15"]
[Round "2.5"]
[White "Barbosa, Oliver"]
[Black "Korley, Kassa"]
[Result "1-0"]
[ECO "D30"]
[WhiteElo "2505"]
[BlackElo "2399"]
[Annotator "TA"]
[PlyCount "71"]
[EventDate "2022.04.14"]
[EventType "tourn"]
[EventCountry "USA"]
[SourceTitle "playchess.com"]
[Source "ChessBase"]
[SourceQuality "1"]
[TimeControl "5400+30"]

1. Nf3 d5 2. g3 Nf6 3. c4 e6 4. Bg2 Be7 5. O-O O-O 6. d4 dxc4 7. Qa4 c6 8. Qxc4 b5 9. Qc2 Bb7 10. Nc3 {[%emt 0:01:39] D30: Queen's Gambit Declined: Systems without Nc3.} Nbd7 11. Rd1 Qb6 12. e4 {[%emt 0:04:20] The position is equal.} c5 13. d5 (13. e5 {keeps more tension.} Nd5 14. dxc5 Nxc5 15. Nxd5 Bxd5 16. Be3) 13... exd5 14. exd5 Bd6 {[%emt 0:06:22] [#]} 15. Nh4 $146 ({Predecessor:} 15. Ng5 Rfe8 16. Nce4 Bf8 17. Be3 h6 18. b4 hxg5 19. bxc5 Nxc5 20. Nxc5 Rxe3 21. Nxb7 {0-1 (35) Nikcevic,N (2417)-Raicevic,M (2372) Ulcinj 2014}) 15... g6 {[%emt 0:02:34] Prevents Nf5.} 16. b3 Rfe8 17. Bb2 Rac8 18. Bf1 (18. Re1 $11) 18... a6 19. a4 c4 (19... b4 $5 20. a5 Qd8 $15) 20. axb5 (20. bxc4 $11 bxc4 21. Rab1) 20... cxb3 $1 $15 (20... axb5 21. bxc4 Ne5 22. Qb3 (22. cxb5 Neg4 $11) (22. Nxb5 Qxb5 23. Bxe5 Bxe5 $15) 22... Nxc4 23. Qxb5 (23. Bxc4 Ng4 $15) 23... Qxb5 24. Nxb5 Nxb2 25. Nxd6 Nxd1 26. Rxd1 Bxd5 27. Nxe8 Rxe8 28. Ng2 $11) 21. Qxb3 Ng4 22. Rd2 {[%emt 0:00:32] Hoping for Na4.} Bc5 $1 23. Nd1 Re1 (23... Ndf6 $15 24. Bxf6 Nxf6) 24. Nf3 {[%emt 0:08:18] [#] Dancing on a razor blade.} (24. Kg2 $5 ) 24... Rxd1 25. Raxd1 {[%emt 0:02:37] And now Bd4 would win.} Nxf2 26. Rxf2 Bxf2+ 27. Kg2 (27. Kh1 $5 ) 27... axb5 28. Ba1 {[%emt 0:00:47] Strongly threatening Qb2.} ({Reject} 28. Qxb5 Rc2 29. Qxd7 (29. Rd2 Rxd2 30. Nxd2 Bc5 $17) 29... Bc5+ 30. Kh3 Rxb2 $17) 28... Bc5 ({Don't play} 28... f6 29. Bxb5 Rc5 30. Ba4 Qxb3 31. Bxb3 $14) 29. Qb2 $36 {[%emt 0:00:19][%csl Ga1][%cal Rb2g7][%mdl 2048] White is pushing.} f6 30. Bxb5 Ba3 31. Qe2 $14 Nf8 {[%emt 0:00:10] [#]} (31... Qd6 $14) 32. Bc4 $2 (32. d6 $1 $18 Bxd6 33. Bxf6) 32... Qd6 33. Bb3 Bb4 34. Qe3 {[%emt 0:00:25][%cal Of3g5] aiming for Ng5!} Kf7 $2 {[%emt 0:01:21] [#]} (34... Nd7 $11 {and Black is okay.}) 35. Ng5+ $1 $18 Kg8 $2 (35... fxg5 {is more resistant.} 36. Rf1+ Kg8) 36. Ne4 {[%emt 0:00:15][%csl LRd6,LRf6] Weighted Error Value: White=0.19 (very precise) /Black=0.42} 1-0